 Dungeon Crawl Stone Soup version 0.26-a0-667-g92642533e4 (webtiles) character file.

Game seed: 17696170857993050903

12214 snetch the Basher (level 11, -13/99 HPs)
             Began as a Minotaur Berserker on Oct 15, 2020.
             Was a High Priest of Trog.
             Mangled by a boulder beetle (22 damage)
             ... on level 11 of the Dungeon on Oct 18, 2020.
             The game lasted 00:39:06 (10998 turns).

snetch the Basher (Minotaur Berserker)             Turns: 10998, Time: 00:39:07

Health: -13/99     AC: 16    Str: 25    XL:     11   Next: 59%
Magic:  10/10      EV: 10    Int:  4    God:    Trog [*****.]
Gold:   298        SH:  4    Dex: 10    Spells: 10/10 levels left

rFire    + . .     SeeInvis .   a - +4 mace
rCold    + . .     Faith    .   d - +0 buckler
rNeg     . . .     Spirit   .   T - +2 chain mail {rPois}
rPois    +         Reflect  .   (helmet restricted)
rElec    .         Harm     .   R - scarf {rC+ rF+}
rCorr    .         Rampage  .   h - +0 pair of gloves
MR       ++...                  C - +0 pair of boots
Stlth    ..........             y - amulet of regeneration
HPRegen  1.66/turn              (no ring)
MPRegen  0.12/turn              (no ring)

@: regenerating
A: retaliatory headbutt, horns 2
a: Berserk, Trog's Hand, Brothers in Arms, Renounce Religion


You were on level 11 of the Dungeon.
You worshipped Trog.
Trog was extremely pleased with you.
You visited 2 branches of the dungeon, and saw 13 of its levels.

You collected 704 gold pieces.
You spent 406 gold pieces at shops.

Inventory:

Hand Weapons
 a - a +4 mace (weapon)
 b - a +0 war axe
 c - a +0 trident
 k - a +3 vorpal shortbow
Missiles
 e - 114 sling bullets
 j - 85 poisoned darts (quivered)
 n - 5 datura-tipped darts
 r - 3 boomerangs of dispersal
 v - 303 arrows
 w - 2 curare-tipped darts
 z - 83 bolts
 A - 19 boomerangs
 F - 534 stones
Armour
 d - a +0 buckler (worn)
 h - a +0 pair of gloves (worn)
 C - a +0 pair of boots (worn)
 K - a +0 cloak
 R - a scarf of resistance (worn)
 T - a +2 chain mail of poison resistance (worn)
Jewellery
 y - an amulet of regeneration (around neck)
Wands
 i - a wand of acid (5)
 l - a wand of flame (28)
 u - a wand of random effects (16)
 E - a wand of iceblast (8)
Scrolls
 g - 12 scrolls of remove curse
 m - 3 scrolls of enchant armour
 o - a scroll of immolation
 q - 4 scrolls of fog
 D - 6 scrolls of teleportation
 G - 2 scrolls of blinking
 H - 2 scrolls of enchant weapon
 L - a scroll of fear
 O - a scroll of magic mapping
 P - 2 scrolls of noise {unknown}
Potions
 f - 2 potions of resistance
 p - 2 potions of berserk rage {unknown}
 t - a potion of ambrosia
 x - a potion of lignification
 B - 2 potions of curing
 I - a potion of heal wounds
 J - a potion of invisibility
 M - a potion of magic
 N - 3 potions of cancellation


   Skills:
 + Level 10.1 Fighting
 + Level 9.9(12.5) Axes
 + Level 12.6(13.8) Maces & Flails
 + Level 2.1 Throwing
 + Level 10.2 Armour
 + Level 4.6 Dodging
 + Level 2.2 Stealth
 - Level 4.0 Shields


You had 10 spell levels left.
You didn't know any spells.
Your spell library was empty.

Dungeon Overview and Level Annotations

Branches:
Dungeon (12/15)            Temple (1/1) D:7            Lair (0/6) D:9
    Orc (0/2) D:11

Altars:
Ashenzari
Cheibriados
Dithmenos
Elyvilon
Fedhas
Gozag
Hepliaklqana
Kikubaaqudgha
Makhleb
Nemelex Xobeh
Okawaru
Qazlal
Ru
Sif Muna
Trog
Uskayaw
Vehumet
Wu Jian
Xom
Yredelemnul
Zin
The Shining One

Shops:
D:4 *   D:6 [   D:8 ?

Annotations:
D:1 rock glass monsters
D:11 1 runed translucent door
D:12 Mocet's ghost, journeyman GnVM


Innate Abilities, Weirdness & Mutations

You reflexively headbutt those who attack you in melee.
You have a pair of horns on your head.


Message History

You feel resistant to hostile enchantments.
The boulder beetle completely misses you.
You hit the boulder beetle.
The boulder beetle is moderately wounded.
The boulder beetle bites you.
* * * LOW HITPOINT WARNING * * *
Unknown command.
You hit the boulder beetle but do no damage.
You headbutt the boulder beetle, but do no damage.
The boulder beetle is moderately wounded.
The boulder beetle bites you!
* * * LOW HITPOINT WARNING * * *
Unknown command.
You hit the boulder beetle.
You headbutt the boulder beetle, but do no damage.
The boulder beetle is heavily wounded.
You hit the boulder beetle but do no damage.
The boulder beetle is heavily wounded.
The boulder beetle bites you!!
You die...

. . #####+##### .
.......... . .......... .
......... .... .......#
.#..# . .....# ....#
##.#####..## .....
.........@>########
.#..##.##########B.......#
.#..##.#.........#######.#
..........#####..#
.........###.....#
.................#
....#...##...#.#.#
........##.(.#.#.#
.............#.#.#


You could see a boulder beetle (poisoned).

Vanquished Creatures
  A hydra (D:11)
  A boulder beetle (D:12)
  5 two-headed ogres
  An oklob plant (D:7)
  A kobold demonologist (D:12)
  A troll (D:10)
  Grinder (D:3)
  Sigmund (D:4)
  A basilisk (D:9)
  5 yaks
  A wyvern (D:9)
  The ghost of Heh the Sneak, an amateur OpDe of Dithmenos (D:5)
  A water moccasin (D:10)
  5 orc warriors
  An ice beast (D:9)
  2 sky beasts
  A black bear (D:9)
  2 necrophages (D:10)
  A phantom (D:8)
  9 ogres
  9 centaurs
  Blork the orc (D:6)
  A big kobold (D:8)
  4 bullfrogs
  A scorpion (D:10)
  4 wights (D:11)
  3 killer bees (D:11)
  2 howler monkeys
  3 electric eels (D:9)
  A centaur zombie (D:8)
  2 hounds
  A bullfrog zombie (D:5)
  2 orc priests
  5 jellies
  2 bullfrog skeletons
  6 orc wizards
  Natasha (thrice) (D:2)
  3 centaur skeletons
  2 iguanas (D:6)
  8 worker ants
  A hound skeleton (D:5)
  Robin (D:2)
  2 gnolls (D:1)
  9 adders
  4 shadow imps
  A white imp (D:6)
  3 ufetubi
  2 oozes
  An adder skeleton (D:7)
  4 worms
  2 dart slugs (D:1)
  4 leopard geckos
  28 orcs
  9 ball pythons
  10 giant cockroaches
  10 goblins
  10 hobgoblins
  14 jackals
  2 quokkas
  9 bats
  2 frilled lizards
  A giant cockroach zombie (D:6)
  9 kobolds
  2 leopard gecko skeletons
  A quokka zombie (D:5)
  4 rats
  3 bushes (D:7)
253 creatures vanquished.

Vanquished Creatures (others)
  6 fungi (D:7)
  19 plants
25 creatures vanquished.

Grand Total: 278 creatures vanquished

Notes
Turn   | Place    | Note
-------+----------+-------------------------------------------
     0 | D:1      | snetch the Minotaur Berserker began the quest for the Orb.
     0 | D:1      | Reached XP level 1. HP: 19/19 MP: 0/0
   308 | D:1      | Reached XP level 2. HP: 19/27 MP: 1/1
   668 | D:1      | Reached XP level 3. HP: 13/34 MP: 2/2
   674 | D:1      | HP: 1/34 [ooze (1)]
  1416 | D:2      | Noticed Natasha
  1424 | D:2      | Reached XP level 4. HP: 19/41 MP: 3/3
  1429 | D:2      | Killed Natasha
  1727 | D:2      | Noticed Natasha
  1743 | D:2      | Killed Natasha
  1743 | D:2      | Reached ** piety under Trog
  1743 | D:2      | Reached skill level 5 in Axes
  1793 | D:2      | Noticed Natasha
  1797 | D:2      | Killed Natasha
  1797 | D:2      | Reached XP level 5. HP: 23/47 MP: 4/4
  2141 | D:2      | Noticed an orc warrior
  2152 | D:2      | Killed an orc warrior
  2152 | D:2      | Reached skill level 5 in Fighting
  2388 | D:2      | Found a shimmering altar of Xom.
  2391 | D:2      | Found a basalt altar of Yredelemnul.
  2396 | D:2      | Found an ancient bone altar of Kikubaaqudgha.
  2507 | D:2      | Noticed Robin
  2822 | D:3      | Found a snail-covered altar of Cheibriados.
  2860 | D:3      | Reached XP level 6. HP: 56/56 MP: 5/5
  2935 | D:3      | Found an ornate altar of the Wu Jian Council.
  2987 | D:2      | Killed Robin
  3144 | D:3      | Noticed Grinder
  3166 | D:3      | Killed Grinder
  3166 | D:3      | Reached skill level 2 in Maces & Flails
  3166 | D:3      | Reached skill level 1 in Stealth
  3166 | D:3      | Reached skill level 1 in Shields
  3480 | D:3      | Found a sacrificial altar of Ru.
  3485 | D:3      | Reached XP level 7. HP: 61/61 MP: 6/6
  3814 | D:3      | Reached *** piety under Trog
  4073 | D:4      | Noticed Sigmund
  4094 | D:4      | Killed Sigmund
  4094 | D:4      | Reached skill level 3 in Maces & Flails
  4149 | D:4      | Found Iticviy's Assorted Antiques.
  4155 | D:4      | Upgraded the game from 0.26-a0-665-gefeb406119 to
                  | 0.26-a0-667-g92642533e4
  4286 | D:4      | Reached skill level 4 in Maces & Flails
  4488 | D:5      | Entered Level 5 of the Dungeon
  4737 | D:4      | Bought a sharpened wooden wand for 96 gold pieces
  4737 | D:4      | Bought 2 scrolls labeled FUICZE REOV for 48 gold pieces
  4737 | D:4      | Bought a scroll labeled WUNWUD UWAB for 24 gold pieces
  4737 | D:4      | Bought a scroll labeled YDDEG LA LYIGO for 24 gold pieces
  4997 | D:5      | Reached skill level 5 in Maces & Flails
  4997 | D:5      | Reached XP level 8. HP: 48/70 MP: 7/7
  5003 | D:5      | Reached skill level 5 in Armour
  5008 | D:5      | Reached skill level 6 in Maces & Flails
  5057 | D:5      | Found an opulent altar of Gozag.
  5159 | D:5      | Found a runed translucent gate.
  5159 | D:5      | Found a runed translucent gate.
  5160 | D:5      | Found a runed translucent gate.
  5161 | D:5      | Noticed Heh's ghost (amateur OpDe)
  5176 | D:5      | Killed Heh's ghost
  5285 | D:5      | Reached skill level 7 in Maces & Flails
  5621 | D:6      | Noticed Blork the orc
  5633 | D:6      | Killed Blork the orc
  5706 | D:6      | Found Tejink's Antique Armour Shop.
  5713 | D:6      | Reached skill level 8 in Maces & Flails
  5800 | D:6      | Reached XP level 9. HP: 78/78 MP: 8/8
  6052 | D:6      | Found an opulent altar of Gozag.
  6241 | D:8      | Noticed a two-headed ogre
  6249 | D:8      | Killed a two-headed ogre
  6249 | D:8      | Reached skill level 9 in Maces & Flails
  6290 | D:8      | Found Niusiw's Magic Scroll Boutique.
  6333 | D:8      | Bought a scroll of remove curse for 39 gold pieces
  6333 | D:8      | Bought a scroll of identify for 26 gold pieces
  6333 | D:8      | Bought a scroll of teleportation for 39 gold pieces
  6333 | D:8      | Bought a scroll of random uselessness for 13 gold pieces
  6417 | D:8      | Reached **** piety under Trog
  6533 | D:7      | Found a blossoming altar of Fedhas.
  6558 | D:7      | Noticed an oklob plant
  6796 | D:7      | Killed an oklob plant
  6796 | D:7      | Reached skill level 10 in Maces & Flails
  7038 | D:7      | Found a glowing golden altar of the Shining One.
  7051 | D:7      | Found a staircase to the Ecumenical Temple.
  7062 | Temple   | Entered the Ecumenical Temple
  7425 | D:7      | Found a stormy altar of Qazlal.
  7933 | D:8      | Found a sparkling altar of Nemelex Xobeh.
  7983 | D:8      | Found a glowing silver altar of Zin.
  8201 | D:9      | Reached skill level 11 in Maces & Flails
  8260 | D:9      | Reached XP level 10. HP: 64/88 MP: 9/9
  8342 | D:9      | Found a staircase to the Lair.
  8395 | D:10     | Entered Level 10 of the Dungeon
  8471 | D:8      | Bought a scroll of blinking for 97 gold pieces
  8520 | D:9      | Found a hazy altar of Hepliaklqana.
  9734 | D:11     | Noticed an eight-headed hydra
  9744 | D:10     | Reached ***** piety under Trog
  9781 | D:11     | Killed an eight-headed hydra
  9890 | D:11     | Noticed a two-headed ogre
  9911 | D:11     | Killed a two-headed ogre
  9911 | D:11     | Reached skill level 12 in Maces & Flails
 10008 | D:11     | Noticed a sixfirhy
 10016 | D:11     | Found a staircase to the Orcish Mines.
 10029 | D:11     | HP: 4/91 [sixfirhy[a kobold demonologist] (9)]
 10229 | D:11     | Reached XP level 11. HP: 91/97 MP: 10/10
 10266 | D:11     | Found a runed translucent door.
 10305 | D:12     | Found the +3 pair of gauntlets of War {Slay+5}
 10305 | D:12     | Noticed a yaktaur captain
 10305 | D:12     | Noticed a necromancer
 10308 | D:12     | Noticed a catoblepas
 10310 | D:12     | Noticed Mocet's ghost (journeyman GnVM)
 10319 | D:12     | Noticed a boulder beetle
 10362 | D:12     | Noticed a two-headed ogre
 10362 | D:12     | Noticed a two-headed ogre
 10363 | D:12     | Killed a boulder beetle
 10378 | D:11     | Killed a two-headed ogre
 10487 | D:11     | Reached skill level 1 in Throwing
 10599 | D:11     | Killed a two-headed ogre
 10747 | D:11     | Reached skill level 10 in Armour
 10853 | D:12     | Noticed a two-headed ogre
 10863 | D:12     | Killed a two-headed ogre
 10863 | D:12     | Reached skill level 10 in Fighting
 10925 | D:11     | Noticed a boulder beetle
 10998 | D:11     | Mangled by a boulder beetle

Illustrated notes

Levels and vault maps discovered:
D:1:      lordsloth_arrival_two_stooges, layout_rooms,
          hangedman_decor_slide_cut, hangedman_decor_clover_reticule
D:2:      layout_basic, nicolae_overflow_hidden_temple, uniq_robin, uniq_natasha
D:3:      layout_loops_corners, nicolae_ru_great_annihilating_truth,
          nicolae_overflow_crystal_walls, lemuel_crystal_altar,
          minmay_shallow_snake_nest, uniq_grinder
D:4:      layout_loops_ring, serial_shops, nicolae_shop_waterfront, uniq_sigmund
D:5:      layout_rooms, gammafunk_ghost_necromancy, grunt_gozag_statues
D:6:      layout_cave_pools, marbit_many_paths, serial_column_ruins,
          column_ruins_hut, column_ruins_open_tiny, column_ruins_open_medium,
          column_ruins_open_tiny, column_ruins_open_small, serial_shops,
          shop_fountains, kennysheep_generic_room_11, uniq_blork_the_orc
D:7:      layout_loops_ring, lemuel_crystal_altar, grunt_qazlal_sundering,
          minmay_temple_entry_stoned_glass, tgw_fedhas
D:8:      layout_rooms, kennysheep_little_box, lemuel_crystal_altar,
          serial_shops, nicolae_shop_waterfront, abandoned_shop
D:9:      layout_cave_pods, lemuel_crystal_altar, david_lair_generic,
          serial_bayou, serial_bayou_shore_a, serial_bayou_ford_a,
          serial_bayou_pond_d, serial_bayou_pond_d
D:10:     layout_rooms
D:11:     layout_basic, orc_0_dummy, ebering_ghost_inner_flame,
          serial_co_window_serial, co_window_corner_a, co_window_paths_a,
          co_window_paths_a, co_window_paths_b, co_window_of_opportunity_a,
          co_window_broadway_b, co_window_cross_3, co_window_of_opportunity_b,
          co_window_corner_ca, glass_columns_c, glass_columns_c,
          glass_columns_a, hangedman_decor_points, minmay_misc_feat_nine_boxes
D:12:     layout_cave_pods, gammafunk_ghost_arena, basic_altar, serial_shops,
          nicolae_shop_behind_doors, uniq_urug, uniq_erolcha
Temple:   dpeg_chambers_temple

Skill      XL: |  1  2  3  4  5  6  7  8  9 10 11 |
---------------+----------------------------------+-----
Fighting       | 4 5 6 7 9 10 | 10.1
Axes           | 4 5 6 8 9 |  9.9
Dodging        | 3 4 |  4.6
Maces & Flails | 2 5 8 11 12 | 12.6
Armour         | 3 4 5 7 9 10 | 10.2
Stealth        | 1 2 |  2.2
Shields        | 1 2 4 |  4.0
Throwing       | 2 |  2.1

Action                   |  1- 3 |  4- 6 |  7- 9 | 10-12 || total
-------------------------+-------+-------+-------+-------++-------
Melee: Hand axe          |    55 |    39 |       |       ||    94
       Headbutt          |     6 |    20 |    95 |    66 ||   187
       Morningstar       |       |    59 |   366 |   104 ||   529
       War axe           |       |       |       |   118 ||   118
       Mace              |       |       |       |    50 ||    50
Throw: Dart              |       |       |       |    23 ||    23
Invok: Berserk           |     3 |     2 |     1 |     5 ||    11
       Trog's Hand       |       |     1 |     2 |     2 ||     5
       Brothers in Arms  |       |       |       |     1 ||     1
  Use: Scroll            |       |       |    15 |     4 ||    19
       Potion            |       |       |     1 |     1 ||     2
 Stab: Paralysed         |       |       |     1 |       ||     1
Armor: Animal skin       |     7 |     3 |       |       ||    10
       Plate armour      |       |    43 |   146 |   106 ||   295
       Chain mail        |       |       |       |    76 ||    76
Dodge: Dodged            |    46 |    42 |   102 |   157 ||   347
Block: Buckler           |     4 |    17 |    54 |    66 ||   141

Table legend: (Time is in decaauts)
 A = Elapsed time spent in this place.
 B = Non-inter-level travel time spent in this place.
 C = Inter-level travel time spent in this place.
 D = Time resting spent in this place.
 E = Time spent auto-exploring this place.
 F = Levels seen in this place.
 G = Mean time per level.
                   A        B        C        D        E       F      G
               +--------+--------+--------+--------+--------+-----+--------+
         Total |  11197 |  10586 |    611 |    890 |   6260 |  13 |  861.3 |
       Dungeon |  10955 |  10364 |    591 |    890 |   6040 |  12 |  912.9 |
        Temple |    241 |    221 |     20 |      0 |    220 |   1 |  241.0 |
               +--------+--------+--------+--------+--------+-----+--------+

Top non-repeatable levels by time:
     D:2: 1745 daAuts
     D:1: 1201 daAuts
     D:3: 1198 daAuts
     D:9: 1021 daAuts
    D:10: 988 daAuts
     D:4: 952 daAuts
     D:7: 945 daAuts
     D:8: 747 daAuts
    D:11: 721 daAuts
     D:6: 634 daAuts
     D:5: 593 daAuts
  Temple: 241 daAuts
    D:12: 207 daAuts
